 Dungeon Crawl Stone Soup version 0.31.0-9-g3a7656b989 (webtiles) character file.

Game seed: 16027688651511410483

244 qw the Shooter (level 5, -4/26 HPs)
             Began as a Spriggan Hunter on Feb 2, 2024.
             Slain by a gnoll
             ... wielding a +0 whip
             ... led by a gnoll sergeant
              (8 damage)
             ... on level 5 of the Dungeon.
             The game lasted 00:00:11 (2449 turns).

qw the Shooter (Spriggan Hunter)                    Turns: 2449, Time: 00:00:12

Health: -4/26      AC:  2    Str:  7    XL:     5   Next: 83%
Magic:  6/6        EV: 25    Int: 10    God:
Gold:   174        SH:  5    Dex: 21    Spells: 4/4 levels left

rFire   . . .        a - +0 shortbow
rCold   . . .        (shield currently unavailable)
rNeg    . . .        c - +0 robe
rPois   +            (helmet restricted)
rElec   +            (no cloak)
rCorr   +            (gloves unavailable)
SInv    +            (boots unavailable)
Will    .....        d - amulet of reflection
Stlth   +            l - ring of Kefriurphae {*Corrode rElec rPois EV+5 Stlth-}
HPRegen 0.24/turn    h - ring of resist corrosion
MPRegen 0.10/turn

%: corrode self (3%), reflection
@: very quick
A: very small, no large weapons, unfitting armour, see invisible, speed 3
a: no special abilities


You were on level 5 of the Dungeon.
You visited 1 branch of the dungeon, and saw 5 of its levels.

You collected 174 gold pieces.


Innate Abilities, Weirdness & Mutations

You are very small and have problems with some larger weapons.
You are too small for most types of armour.
You have supernaturally acute eyesight. (SInv)
You cover ground extremely quickly. (Speed+++)


   Skills:
 - Level 2.2 Fighting
 - Level 6.0 Ranged Weapons
 + Level 5.1 Dodging
 - Level 1.5 Stealth


You had 4 spell levels left.
You didn't know any spells.
Your spell library was empty.

Inventory:

Hand Weapons
 a - a +0 shortbow (weapon)
Armour
 c - a +0 robe (worn)
Jewellery
 d - an amulet of reflection (around neck)
 e - a ring of ice
 f - a ring of poison resistance
 h - a ring of resist corrosion (right hand)
 l - the ring of Kefriurphae (left hand) {*Corrode rElec rPois EV+5 Stlth-}
   (You found it on level 3 of the Dungeon)

   [ring of evasion]

   EV+5:      It affects your evasion (+5).
   rElec:     It insulates you from electricity.
   rPois:     It protects you from poison *Corrode: It may corrode you when you
   take damage.
   Stlth-:    It makes you less stealthy.
 Y - a ring of positive energy
Wands
 m - a wand of flame (7)
Scrolls
 o - a scroll of identify
Potions
 b - a potion of attraction {unknown}
 g - 2 potions of mutation
 i - a potion of curing
 j - a potion of cancellation {unknown}
 k - a potion of resistance {unknown}
 n - a potion of enlightenment {unknown}

Dungeon Overview and Level Annotations

Branches:
Dungeon (5/15)
 Temple: D:4-7

Altars:


Message History

3 gnolls and a black bear come into view.
A gnoll is wielding a +1 vampiric spear.
The gnoll shouts! x3
A gnoll comes into view. It is wielding a +0 spear.
2438 ||| RETREEEEATING.
You shoot an arrow. The arrow barely misses the gnoll.
You shoot an arrow. The arrow barely misses the gnoll.
You shoot an arrow. The arrow completely misses the gnoll.
The gnoll misses you.
You shoot an arrow. The arrow hits the gnoll!
The gnoll is heavily wounded.
The gnoll hits you from afar with a +1 vampiric spear.
The gnoll draws strength from your wounds!
You shoot an arrow. The arrow hits the gnoll.
The gnoll is heavily wounded.
You hear a shout!
The gnoll hits you from afar with a +1 vampiric spear!
You block the gnoll's attack.
A gnoll comes into view. It is wielding a +0 whip.
You hear a shout! x2
You shoot an arrow. The arrow closely misses the gnoll. x2
The gnoll barely misses you.
You shoot an arrow. The arrow hits the gnoll!
You kill the gnoll!
The gnoll completely misses you.
You shoot an arrow. The arrow hits the gnoll.
The gnoll is lightly wounded.
The gnoll completely misses you. The gnoll misses you.
You shoot an arrow. The arrow hits the gnoll!
The gnoll is almost dead.
The gnoll closely misses you. The gnoll hits you with a +0 club!
The gnoll hits you but does no damage.
You shoot an arrow. The arrow hits the gnoll.
The gnoll is almost dead.
You block the gnoll's attack. The gnoll completely misses you.
The gnoll hits you with a +0 whip.
You shoot an arrow. The arrow hits the gnoll!
You kill the gnoll!
The gnoll completely misses you. The gnoll hits you with a +0 whip!
You die...

#.......# #####...#...#
#....>###############
##.##..# #......#
......## #......#
......####### #......#
.####.......###......##
## #######......%....#
#####)@g....###
#....>....h #.g)...###.
#g.#.#### ...##.# gg###
#.# g ... #.. ##.


You could see 3 gnolls.

Vanquished Creatures
  3 bombardier beetles
  An iguana (D:5)
  2 gnolls (D:5)
  3 adders (D:3)
  2 ribbon worms (D:3)
  3 dart slugs
  3 orcs (D:3)
  6 endoplasms
  5 giant cockroaches
  6 goblins
  5 hobgoblins
  4 jackals (D:2)
  7 kobolds
  3 quokkas
  8 ball pythons
  3 bats
  2 frilled lizards
  5 rats
71 creatures vanquished.

Notes
Turn   | Place    | Note
-------+----------+-------------------------------------------
     0 | D:1      | qw the Spriggan Hunter began the quest for the Orb.
     0 | D:1      | Reached XP level 1. HP: 10/10 MP: 2/2
     0 | D:1      | 0 ||| qw: Version: 0.3-a-155-g5e7d8dd
     0 | D:1      | 0 ||| qw: Game counter: 1626
     0 | D:1      | 0 ||| qw: Melee chars always use a shield: true
     0 | D:1      | 0 ||| qw: God list: Okawaru
     0 | D:1      | 0 ||| qw: Allow faded altars: false
     0 | D:1      | 0 ||| qw: Do Orc after clearing Dungeon:15 true
     0 | D:1      | 0 ||| qw: Do second Lair branch before Depths: true
     0 | D:1      | 0 ||| qw: Lair rune preference: random
     0 | D:1      | 0 ||| qw: Goals: Normal
     0 | D:1      | 0 ||| PLANNING D:1-11
    30 | D:1      | Reached skill level 3 in Dodging
    86 | D:1      | Reached XP level 2. HP: 14/14 MP: 3/3
   145 | D:1      | Found a faded altar of an unknown god.
   726 | D:1      | 726 ||| UPGRADING to amulet of reflection.
   731 | D:1      | 731 ||| READING scroll labelled HEMOUDYAM.
   732 | D:1      | 732 ||| READING scroll labelled YDAYN PUOS.
   732 | D:1      | 732 ||| IDENTIFYING silvery potion
   733 | D:1      | 733 ||| DRINKING 3 pink potions.
   734 | D:1      | 734 ||| DROPPING scroll of butterflies.
   735 | D:1      | 735 ||| DROPPING 2 potions of degeneration.
   819 | D:2      | Reached XP level 3. HP: 18/18 MP: 4/4
   841 | D:2      | 841 ||| FLEEEEING.
   842 | D:2      | 842 ||| FLEEEEING.
   843 | D:2      | 843 ||| FLEEEEING.
  1294 | D:2      | 1294 ||| UPGRADING to ring of resist corrosion.
  1295 | D:2      | 1295 ||| READING 2 scrolls labelled QYGUWO CAHUENO.
  1296 | D:2      | 1296 ||| READING scroll labelled UMAREW KOWO SOGE.
  1297 | D:2      | 1297 ||| DRINKING 2 metallic blue potions.
  1298 | D:2      | 1298 ||| FLEEEEING.
  1299 | D:2      | 1299 ||| FLEEEEING.
  1300 | D:2      | 1300 ||| FLEEEEING.
  1301 | D:2      | 1301 ||| FLEEEEING.
  1302 | D:2      | 1302 ||| FLEEEEING.
  1303 | D:2      | 1303 ||| FLEEEEING.
  1304 | D:2      | 1304 ||| FLEEEEING.
  1305 | D:2      | 1305 ||| FLEEEEING.
  1306 | D:2      | 1306 ||| FLEEEEING.
  1307 | D:2      | 1307 ||| FLEEEEING.
  1308 | D:2      | 1308 ||| FLEEEEING.
  1309 | D:2      | 1309 ||| FLEEEEING.
  1310 | D:2      | 1310 ||| FLEEEEING.
  1311 | D:2      | 1311 ||| FLEEEEING.
  1312 | D:2      | 1312 ||| FLEEEEING.
  1313 | D:2      | 1313 ||| FLEEEEING.
  1314 | D:2      | 1314 ||| FLEEEEING.
  1315 | D:2      | 1315 ||| FLEEEEING.
  1316 | D:2      | 1316 ||| FLEEEEING.
  1317 | D:2      | 1317 ||| FLEEEEING.
  1318 | D:2      | 1318 ||| FLEEEEING.
  1319 | D:2      | 1319 ||| FLEEEEING.
  1320 | D:2      | 1320 ||| FLEEEEING.
  1321 | D:2      | 1321 ||| FLEEEEING.
  1322 | D:2      | 1322 ||| FLEEEEING.
  1323 | D:2      | 1323 ||| FLEEEEING.
  1324 | D:2      | 1324 ||| FLEEEEING.
  1325 | D:2      | 1325 ||| FLEEEEING.
  1326 | D:2      | 1326 ||| FLEEEEING.
  1327 | D:2      | 1327 ||| FLEEEEING.
  1328 | D:2      | 1328 ||| FLEEEEING.
  1329 | D:2      | 1329 ||| FLEEEEING.
  1330 | D:2      | 1330 ||| FLEEEEING.
  1331 | D:2      | 1331 ||| FLEEEEING.
  1332 | D:2      | 1332 ||| FLEEEEING.
  1333 | D:2      | 1333 ||| FLEEEEING.
  1334 | D:2      | 1334 ||| FLEEEEING.
  1335 | D:2      | 1335 ||| FLEEEEING.
  1336 | D:2      | 1336 ||| FLEEEEING.
  1337 | D:2      | 1337 ||| FLEEEEING.
  1338 | D:2      | 1338 ||| STAIRDANCE
  1440 | D:1      | 1440 ||| DROPPING scroll of immolation.
  1441 | D:1      | 1441 ||| DROPPING potion of berserk rage.
  1509 | D:3      | Reached skill level 5 in Ranged Weapons
  1557 | D:3      | Reached XP level 4. HP: 22/22 MP: 5/5
  1704 | D:3      | 1704 ||| FLEEEEING.
  1705 | D:3      | 1705 ||| FLEEEEING.
  1706 | D:3      | 1706 ||| FLEEEEING.
  1707 | D:3      | 1707 ||| FLEEEEING.
  1900 | D:3      | Identified the ring of Kefriurphae {*Corrode rElec rPois
                  | EV+5 Stlth-}
  2108 | D:3      | 2108 ||| UPGRADING to ring of positive energy.
  2109 | D:3      | 2109 ||| UPGRADING to ring of poison resistance.
  2111 | D:3      | 2111 ||| UPGRADING to ring of Kefriurphae {*Corrode rElec
                  | rPois EV+5 Stlth-}.
  2113 | D:3      | 2113 ||| UPGRADING to ring of resist corrosion.
  2115 | D:3      | 2115 ||| READING scroll labelled MUIFFU TUCZY.
  2116 | D:3      | 2116 ||| DRINKING 2 green potions.
  2138 | D:4      | 2138 ||| STAIRDANCE
  2213 | D:4      | Noticed a scorpion
  2218 | D:4      | Reached XP level 5. HP: 26/26 MP: 6/6
  2289 | D:4      | You fall into a shaft and drop 1 floor!
  2289 | D:5      | Entered Level 5 of the Dungeon
  2435 | D:5      | Reached skill level 6 in Ranged Weapons
  2437 | D:5      | Noticed a black bear
  2438 | D:5      | 2438 ||| RETREEEEATING.
  2448 | D:5      | HP: 4/26 [gnoll/+0 whip[a gnoll sergeant] (3)]
  2449 | D:5      | Slain by a gnoll

Levels and vault maps discovered:
D:1:      sevenhm_arrival_forest_fort_large_4, layout_loops_ring,
          hellmonk_ecumenical_altar_crossroads, hangedman_decor_push,
          nrook_mini_backslash
D:2:      layout_rooms, kennysheep_nondescript
D:3:      layout_basic, minmay_quantized
D:4:      layout_basic, zin_angel, minmay_temple_entry_drinking_statues,
          serial_co_window_serial, co_window_paths_a,
          co_window_of_opportunity_a, co_window_paths_a, co_window_corner_a,
          co_window_paths_b, co_window_cross_3, co_window_2corner,
          co_window_cross_4, co_window_of_opportunity_b, co_window_4corner_b,
          glass_columns_a, glass_columns_b, glass_columns_a, glass_columns_a,
          glass_columns_a
D:5:      layout_rooms

Skill      XL: |  1  2  3  4  5 |
---------------+----------------+-----
Dodging        | 3 4 5 |  5.1
Ranged Weapons | 5 6 |  6.0
Fighting       | 2 |  2.2
Stealth        | |  1.5

Action                     |  1- 3 |  4- 6 || total
---------------------------+-------+-------++-------
   Fire: Shortbow          |   113 |   101 ||   214
    Use: Scroll            |     4 |     1 ||     5
         Potion            |     2 |     1 ||     3
 Armour: Robe              |    10 |    10 ||    20
  Dodge: Dodged            |    35 |    24 ||    59
  Block: Other             |     9 |     9 ||    18
         Reflection        |     2 |     1 ||     3

Table legend:
 A = Non-vault XP
 B = Vault XP
 C = Vault XP percentage of total XP
 D = Non-vault monster count
 E = Vault monster count
 F = Vault count percentage of total count
                 A         B        C        D         E       F
            +---------+---------+-------+---------+---------+-------
      Total |     355 |       8 |   2.2 |      67 |       4 |   5.6
            +---------+---------+-------+---------+---------+-------
        D:1 |      30 |       0 |   0.0 |      18 |       0 |   0.0
        D:2 |      39 |       0 |   0.0 |      22 |       0 |   0.0
        D:3 |     113 |       8 |   6.6 |      16 |       4 |  20.0
        D:4 |      59 |       0 |   0.0 |       7 |       0 |   0.0
        D:5 |     114 |       0 |   0.0 |       4 |       0 |   0.0
            +---------+---------+-------+---------+---------+-------
